 Dungeon Crawl Stone Soup version 0.31.0-32-g396128a36d (webtiles) character file.

Game seed: 4213187045357259867

11 tizbic2 the Vexing (level 2, 0/21 HPs)
             Began as a Demonspawn Hexslinger on Apr 14, 2024.
             Slain by a kobold
             ... wielding a +0 dagger
              (2 damage)
             ... on level 1 of the Dungeon.
             The game lasted 00:01:05 (184 turns).

tizbic2 the Vexing (Demonspawn Hexslinger)           Turns: 184, Time: 00:01:06

Health: 0/21       AC:  2    Str:  8    XL:     2   Next: 17%
Magic:  3/3        EV: 12    Int: 13    God:
Gold:   31         SH:  0    Dex: 15    Spells: 3/3 levels left

rFire   . . .        a - +1 sling
rCold   . . .        (no shield)
rNeg    . . .        c - +0 robe
rPois   .            (no helmet)
rElec   .            (no cloak)
rCorr   .            (no gloves)
SInv    .            (no boots)
Will    .....        (no amulet)
Stlth   +            (no ring)
HPRegen 0.23/turn    (no ring)
MPRegen 0.08/turn

%: no passive effects
@: no status effects
A: demonic touch 1
a: no special abilities


You were on level 1 of the Dungeon.
You visited 1 branch of the dungeon, and saw 1 of its levels.

You collected 31 gold pieces.

Inventory:

Hand Weapons
 a - a +1 sling (weapon)
Armour
 c - a +0 robe (worn)
Scrolls
 d - a scroll of vulnerability {unknown}


   Skills:
 + Level 1.3 Fighting
 * Level 2.2 Ranged Weapons
 + Level 0.6 Armour
 - Level 1.7 Dodging
 - Level 1.0 Spellcasting
 - Level 3.0 Hexes
 - Level 0.8 Fire Magic


You had 3 spell levels left.
You didn't know any spells.
Your spell library contained the following spells:

 Spells                   Type           Power      Damage    Failure   Level
 Jinxbite                 Hex            16%        N/A       12%         2
 Sigil of Binding         Hex            8%         N/A       24%         3
 Inner Flame              Hex/Fire       5%         N/A       36%         3
 Cause Fear               Hex            4%         N/A       63%         4
 Dimensional Bullseye     Hex/Tloc       2%         N/A       83%         4


Dungeon Overview and Level Annotations

Branches:
Dungeon (1/15)

Altars:


Innate Abilities, Weirdness & Mutations

Your touch may inflict minor irresistible damage on your foes.


Message History

The endoplasm attacks as it pursues you!
The endoplasm barely misses you.
You shoot a sling bullet.
The sling bullet barely misses the endoplasm.
The sling bullet closely misses the kobold.
The endoplasm freezes you.
You are frozen.
* * * LOW HITPOINT WARNING * * *
You aren't carrying any potions.
Press: ? - help, v - describe, . - travel The floor.
You aren't carrying any items that you can evoke.
The air fills with toxic fumes!
As you read the scroll of poison, it crumbles to dust.
The endoplasm hits you but does no damage.
You shoot a sling bullet. The sling bullet hits the endoplasm.
You kill the endoplasm!
The quokka barely misses you.
You shoot a sling bullet. The sling bullet hits the quokka.
The quokka is severely wounded.
The quokka bites you but does no damage.
You shoot a sling bullet. The sling bullet hits the quokka!
You kill the quokka!
The kobold barely misses you.
You shoot a sling bullet.
The sling bullet closely misses the kobold.
The kobold closely misses you.
You shoot a sling bullet. The sling bullet hits the kobold.
The kobold is severely wounded.
The kobold closely misses you.
You shoot a sling bullet.
The sling bullet barely misses the kobold.
The kobold hits you with a +0 dagger.
* * * LOW HITPOINT WARNING * * *
The kobold hits you with a +0 dagger.
* * * LOW HITPOINT WARNING * * *
You shoot a sling bullet.
The sling bullet closely misses the kobold.
The kobold hits you with a +0 dagger.
You die...

...## .. # ..# #. # §§
##.# #. .##§# ...##
.##..§○## #.#..# # ##
#K.##§ . .# .##..#
#§§#☼##†.#§##...# ...##
#○§§.##§§○.##.# ##..#
#.##.K#○##..#.# ##.#..#
#. #.#@☼##.#..# ...# ...
## ...##○○§☼##.# #.#..##.
.##.#..##°#§○§# .##..#.##
.#.##..#.##..☼#
...##....##....##....##.#
##..#.##..#.##..#.##..#.#
##.#..##.#†.##.#..##.#..#
...##....##....##....##.#
#.#..##.#..##.#..##.#...#


You could see a kobold.

Vanquished Creatures
  A ball python (D:1)
  3 endoplasms (D:1)
  A hobgoblin (D:1)
  2 quokkas (D:1)
  3 rats (D:1)
10 creatures vanquished.

Notes
Turn   | Place    | Note
-------+----------+-------------------------------------------
     0 | D:1      | tizbic2 the Demonspawn Hexslinger began the quest for the
                  | Orb.
     0 | D:1      | Reached XP level 1. HP: 15/15 MP: 2/2
   163 | D:1      | Gained mutation: Your touch may inflict minor irresistible
                  | damage on your foes. [demonic ancestry]
   163 | D:1      | Reached XP level 2. HP: 21/21 MP: 3/3
   184 | D:1      | Slain by a kobold

Illustrated notes

Levels and vault maps discovered:
D:1:      amcnicky_arrival_gap_in_the_tavern_cellar, layout_basic,
          hellmonk_ecumenical_altar_slurped_away,
          chequers_serial_rivers_small_b, nicolae_eternal_life

Skill      XL: |  1 |
---------------+----+-----
Ranged Weapons | 2 |  2.2
Fighting       | |  1.3
Armour         | |  0.6
Dodging        | |  1.7
Spellcasting   | |  1.0
Hexes          | |  3.0
Fire Magic     | |  0.8

Action                     || total
---------------------------++-------
   Fire: Sling             ||    36
    Use: Scroll            ||     1
 Armour: Robe              ||    17
  Dodge: Dodged            ||    23
